[ AOE2 MATCH · #483287886 ]
Team RMBurgundians vs Franks
[ REPLAY ANALYSIS · EXTRACTED FROM THE RECORDED GAME ]
Feudal
12:22
Castle
16:24
Imperial
29:54
| APM avg | 17.9 |
| APM peak | 40 |
| eAPM avg | 13.1 |
| Villagers / military | 98 / 176 |
Focus
⚔️ 31.2% · 🌾 68.8%
Hand Cannoneer ×113 · Spearman ×49 · Trade Cart ×10 · Trebuchet (Packed) ×5 · Battering Ram ×3 · Bombard Cannon ×3
Feudal
10:21
Castle
19:45
Imperial
34:52
| APM avg | 22.8 |
| APM peak | 55 |
| eAPM avg | 19.1 |
| Villagers / military | 108 / 98 |
Focus
⚔️ 20.5% · 🌾 79.5%
Knight ×67 · Throwing Axeman ×25 · Monk ×2 · Spearman ×2 · Scout Cavalry ×2
Feudal
13:22
Castle
22:58
Imperial
35:38
| APM avg | 19.7 |
| APM peak | 56 |
| eAPM avg | 12.3 |
| Villagers / military | 111 / 80 |
Focus
⚔️ 30.1% · 🌾 69.9%
Kamayuk ×38 · Spearman ×21 · Archer ×14 · Battering Ram ×7 · Trade Cart ×5
Feudal
13:57
Castle
18:06
Imperial
31:50
| APM avg | 19.1 |
| APM peak | 33 |
| eAPM avg | 14.2 |
| Villagers / military | 104 / 92 |
Focus
⚔️ 24.3% · 🌾 75.7%
Scout Cavalry ×50 · Battle Elephant ×31 · Mangonel ×7 · Battering Ram ×3 · Monk ×1
Match map
Initial resources + every placement click. Lines = walls · curves = elevation contours. ◆ gold · ⬟ stone · ● berries · ✦ relic · ◌ wall gap
Your base· ✓ Closed at 16:24 · 8t walls · no gate
CaRLFReD_MeiNsTeiN's base· Open — opponent sealed themselves in
Dinamite's base· ✓ Closed at 22:58 · 17t walls · no gate
DurbanThunder's base· Open — opponent sealed themselves in
Smoothed initial terrain · ◌ = detected wall gap · hover for details
Inputs per minute
— CryAndDie - - CaRLFReD_MeiNsTeiN
Build order — CryAndDie
First 150 of 314 actions detected
| 0:01 | Create | Villager (Male) |
| 0:01 | Create | Villager (Male) |
| 0:01 | Create | Villager (Male) |
| 0:02 | Create | Villager (Male) |
| 0:03 | Build | House |
| 0:04 | Build | House |
| 1:43 | Create | Villager (Male) |
| 1:52 | Build | Lumber Camp |
| 2:13 | Create | Villager (Male) |
| 2:19 | Create | Villager (Male) |
| 3:05 | Create | Villager (Male) |
| 3:29 | Create | Villager (Male) |
| 4:13 | Create | Villager (Male) |
| 4:15 | Build | House |
| 4:39 | Create | Villager (Male) |
| 4:39 | Create | Villager (Male) |
| 4:46 | Build | Mill |
| 5:18 | Build | House |
| 5:23 | Build | House |
| 5:37 | Create | Villager (Male) |
| 5:37 | Create | Villager (Male) |
| 5:41 | Research | Double-Bit Axe |
| 6:01 | Create | Villager (Male) |
| 6:13 | Build | Palisade Wall |
| 6:27 | Build | Farm |
| 6:38 | Create | Villager (Male) |
| 6:46 | Build | Palisade Wall |
| 7:12 | Create | Villager (Male) |
| 7:23 | Build | Farm |
| 7:26 | Create | Villager (Male) |
| 7:55 | Create | Villager (Male) |
| 8:07 | Build | Mill |
| 8:27 | Create | Villager (Male) |
| 8:48 | Create | Villager (Male) |
| 8:49 | Create | Villager (Male) |
| 8:50 | Create | Villager (Male) |
| 9:29 | Build | Mining Camp |
| 10:06 | Research | Feudal Age |
| 10:38 | Build | Barracks |
| 10:41 | Build | House |
| 11:03 | Build | Mill |
| 11:13 | Create | Villager (Male) |
| 11:13 | Create | Villager (Male) |
| 11:13 | Create | Villager (Male) |
| 11:57 | Build | Mill |
| 12:22 | Age | Feudal Age |
| 12:25 | Build | Archery Range |
| 12:33 | Build | Blacksmith |
| 13:44 | Research | Castle Age |
| 13:48 | Create | Spearman |
| 13:58 | Research | Horse Collar |
| 14:26 | Research | Heavy Plow |
| 14:55 | Research | Bow Saw |
| 15:02 | Build | Farm |
| 15:03 | Build | Farm |
| 15:04 | Build | Farm |
| 15:06 | Build | Farm |
| 15:16 | Build | Farm |
| 15:16 | Build | Farm |
| 15:18 | Build | Farm |
| 15:30 | Research | Wheelbarrow |
| 15:31 | Research | Town Watch |
| 15:32 | Research | Loom |
| 16:24 | Age | Castle Age |
| 16:26 | Build | Town Center |
| 16:49 | Build | Town Center |
| 17:02 | Build | Farm |
| 17:29 | Build | Farm |
| 17:31 | Create | Villager (Male) |
| 17:31 | Create | Villager (Male) |
| 17:31 | Create | Villager (Male) |
| 17:31 | Create | Villager (Male) |
| 17:57 | Create | Villager (Male) |
| 17:58 | Create | Villager (Male) |
| 18:08 | Build | Stone Wall |
| 18:11 | Build | Stone Wall |
| 18:20 | Create | Villager (Male) ×3 |
| 18:30 | Build | Farm |
| 18:32 | Build | Farm |
| 18:36 | Create | Villager (Male) ×2 |
| 18:41 | Build | Farm |
| 18:56 | Build | Gate |
| 19:01 | Create | Villager (Male) ×2 |
| 19:05 | Build | Farm |
| 19:15 | Create | Villager (Male) |
| 19:26 | Build | Town Center |
| 19:34 | Create | Villager (Male) ×2 |
| 19:42 | Build | Stone Wall |
| 19:51 | Create | Villager (Male) |
| 19:52 | Create | Villager (Male) |
| 19:57 | Build | Farm |
| 19:59 | Build | Farm |
| 20:05 | Build | House |
| 20:07 | Build | House |
| 20:07 | Build | House |
| 20:08 | Build | House |
| 20:08 | Build | House |
| 20:20 | Build | Gate |
| 20:28 | Create | Villager (Male) |
| 20:35 | Build | Farm |
| 20:36 | Build | Farm |
| 20:40 | Build | Farm |
| 20:59 | Build | Stone Wall |
| 21:00 | Build | Stone Wall |
| 21:03 | Create | Villager (Male) ×5 |
| 21:06 | Create | Villager (Male) ×3 |
| 21:12 | Research | Gold Mining |
| 21:12 | Research | Stone Mining |
| 21:19 | Research | Stone Mining |
| 21:42 | Build | Town Center |
| 21:45 | Create | Villager (Male) ×3 |
| 21:48 | Build | House |
| 21:48 | Build | House |
| 21:49 | Build | House |
| 21:49 | Build | House |
| 21:50 | Build | House |
| 22:08 | Build | Stone Wall |
| 22:13 | Build | Gate |
| 22:16 | Build | Farm |
| 22:18 | Create | Villager (Male) ×5 |
| 22:23 | Build | Farm |
| 22:25 | Build | Farm |
| 22:26 | Build | Farm |
| 22:37 | Build | Farm |
| 22:38 | Create | Villager (Male) ×3 |
| 22:51 | Create | Villager (Male) ×2 |
| 22:55 | Build | Farm |
| 23:08 | Create | Villager (Male) |
| 23:11 | Build | Farm |
| 23:15 | Create | Villager (Male) |
| 23:16 | Create | Villager (Male) ×2 |
| 23:19 | Build | Farm |
| 23:20 | Create | Villager (Male) |
| 23:22 | Create | Villager (Male) |
| 23:39 | Build | Monastery |
| 23:42 | Create | Villager (Male) |
| 23:44 | Build | Farm |
| 23:45 | Create | Villager (Male) |
| 23:48 | Build | House |
| 23:49 | Build | House |
| 23:49 | Build | House |
| 23:49 | Build | House |
| 23:49 | Build | House |
| 24:02 | Build | University |
| 24:03 | Create | Villager (Male) ×4 |
| 24:10 | Build | Farm |
| 24:18 | Build | Farm |
| 24:28 | Build | Stone Wall |
| 24:33 | Build | Lumber Camp |
| 24:37 | Build | Farm |
Build order — CaRLFReD_MeiNsTeiN
First 150 of 350 actions detected
| 0:01 | Create | Villager (Male) |
| 0:02 | Create | Villager (Male) |
| 0:02 | Create | Villager (Male) |
| 0:02 | Create | Villager (Male) |
| 0:05 | Build | House |
| 0:06 | Build | House |
| 0:06 | Build | House |
| 0:08 | Build | House |
| 1:56 | Create | Villager (Male) |
| 2:35 | Create | Villager (Male) |
| 2:44 | Create | Villager (Male) |
| 3:16 | Create | Villager (Male) |
| 3:31 | Create | Villager (Male) |
| 4:05 | Create | Villager (Male) |
| 4:05 | Create | Villager (Male) |
| 4:12 | Create | Villager (Male) |
| 5:22 | Build | Mill |
| 5:30 | Create | Villager (Male) |
| 5:30 | Create | Villager (Male) |
| 5:30 | Create | Villager (Male) |
| 6:37 | Build | Lumber Camp |
| 6:47 | Create | Villager (Male) |
| 6:47 | Create | Villager (Male) |
| 6:47 | Create | Villager (Male) |
| 8:11 | Research | Feudal Age |
| 9:09 | Build | House |
| 9:11 | Build | House |
| 9:14 | Build | House |
| 10:03 | Create | Villager (Male) |
| 10:21 | Age | Feudal Age |
| 10:25 | Research | Double-Bit Axe |
| 10:43 | Create | Villager (Male) |
| 10:57 | Build | Mining Camp |
| 11:09 | Create | Villager (Male) |
| 11:09 | Create | Villager (Male) |
| 11:09 | Create | Villager (Male) |
| 11:11 | Create | Villager (Male) |
| 11:39 | Build | Farm |
| 11:40 | Build | Farm |
| 11:41 | Build | Farm |
| 11:42 | Build | Farm |
| 11:43 | Build | Farm |
| 11:44 | Build | Farm |
| 11:45 | Build | Farm |
| 11:48 | Build | Farm |
| 11:48 | Build | Farm |
| 11:49 | Build | Farm |
| 11:49 | Build | Farm |
| 11:50 | Build | Farm |
| 11:50 | Build | Farm |
| 11:50 | Build | Farm |
| 11:50 | Build | Farm |
| 12:00 | Build | Farm |
| 12:21 | Create | Villager (Male) |
| 12:31 | Build | Farm |
| 12:55 | Build | Farm |
| 13:02 | Create | Villager (Male) |
| 13:18 | Build | Farm |
| 13:22 | Build | Farm |
| 13:24 | Create | Villager (Male) |
| 13:37 | Create | Villager (Male) |
| 13:44 | Build | Farm |
| 13:58 | Build | Blacksmith |
| 14:04 | Create | Villager (Male) |
| 14:10 | Build | Farm |
| 14:28 | Create | Villager (Male) |
| 14:42 | Build | Barracks |
| 14:50 | Create | Villager (Male) |
| 15:05 | Build | Farm |
| 15:26 | Create | Villager (Male) |
| 15:26 | Create | Villager (Male) |
| 15:29 | Build | Farm |
| 15:31 | Build | Farm |
| 15:34 | Create | Villager (Male) |
| 15:45 | Build | Stable |
| 16:14 | Create | Villager (Male) |
| 16:18 | Build | Farm |
| 16:21 | Build | Farm |
| 16:27 | Create | Scout Cavalry |
| 16:27 | Create | Scout Cavalry |
| 16:33 | Build | Farm |
| 16:55 | Research | Gold Mining |
| 17:05 | Research | Castle Age |
| 17:50 | Build | House |
| 17:52 | Build | House |
| 17:53 | Build | House |
| 18:14 | Research | Forging |
| 18:17 | Research | Stone Mining |
| 19:33 | Build | House |
| 19:37 | Research | Scale Barding Armor |
| 19:45 | Age | Castle Age |
| 19:49 | Research | Husbandry |
| 19:50 | Create | Knight |
| 19:57 | Research | Gold Shaft Mining |
| 20:00 | Research | Bow Saw |
| 20:02 | Create | Villager (Male) |
| 20:02 | Create | Villager (Male) |
| 20:25 | Build | Town Center |
| 20:28 | Create | Villager (Male) |
| 20:38 | Create | Knight |
| 20:45 | Create | Villager (Male) |
| 20:59 | Research | Iron Casting |
| 21:05 | Create | Villager (Male) |
| 21:29 | Create | Knight |
| 21:40 | Create | Villager (Male) |
| 22:12 | Create | Villager (Male) |
| 22:23 | Build | Town Center |
| 22:27 | Create | Villager (Male) |
| 22:44 | Create | Knight |
| 22:49 | Research | Squires |
| 22:54 | Research | Chain Barding Armor |
| 23:04 | Create | Villager (Male) |
| 23:04 | Create | Villager (Male) |
| 23:05 | Create | Villager (Male) |
| 23:31 | Create | Villager (Male) |
| 23:33 | Create | Knight |
| 23:36 | Create | Knight |
| 23:37 | Create | Villager (Male) |
| 23:40 | Create | Villager (Male) |
| 24:28 | Create | Villager (Male) |
| 24:30 | Create | Villager (Male) |
| 24:31 | Create | Knight |
| 24:32 | Create | Knight |
| 24:40 | Create | Villager (Male) |
| 24:44 | Create | Villager (Male) |
| 24:48 | Create | Villager (Male) |
| 24:56 | Build | Farm |
| 25:00 | Create | Villager (Male) |
| 25:01 | Create | Villager (Male) |
| 25:01 | Create | Villager (Male) |
| 25:47 | Create | Villager (Male) |
| 25:48 | Create | Villager (Male) |
| 25:54 | Build | Farm |
| 25:55 | Build | Farm |
| 25:56 | Build | Farm |
| 25:58 | Build | Farm |
| 26:00 | Build | Farm |
| 26:02 | Build | Farm |
| 26:03 | Create | Villager (Male) |
| 26:03 | Create | Villager (Male) |
| 26:04 | Create | Knight |
| 26:05 | Create | Knight |
| 26:09 | Research | Fletching |
| 27:17 | Build | House |
| 27:18 | Build | House |
| 27:19 | Build | House |
| 27:20 | Build | House |
| 27:21 | Build | House |
| 27:26 | Research | Bodkin Arrow |
| 27:30 | Research | Wheelbarrow |
Build order — Dinamite
First 150 of 301 actions detected
| 0:01 | Create | Villager (Male) |
| 0:01 | Create | Villager (Male) |
| 0:01 | Create | Villager (Male) |
| 0:02 | Create | Villager (Male) |
| 0:03 | Build | House |
| 0:05 | Build | House |
| 1:00 | Build | House |
| 1:09 | Build | Palisade Wall |
| 1:16 | Build | Palisade Wall |
| 1:43 | Create | Villager (Male) |
| 2:11 | Create | Villager (Male) |
| 2:42 | Create | Villager (Male) |
| 3:44 | Create | Villager (Male) |
| 4:13 | Create | Villager (Male) |
| 4:13 | Create | Villager (Male) |
| 4:28 | Build | Palisade Wall |
| 4:44 | Create | Villager (Male) |
| 4:45 | Create | Villager (Male) |
| 4:45 | Create | Villager (Male) |
| 5:04 | Create | Villager (Male) |
| 5:21 | Build | Palisade Wall |
| 5:49 | Create | Villager (Male) |
| 6:06 | Create | Villager (Male) |
| 6:06 | Create | Villager (Male) |
| 6:38 | Create | Villager (Male) |
| 6:38 | Create | Villager (Male) |
| 6:46 | Build | Settlement |
| 7:11 | Create | Villager (Male) |
| 7:11 | Create | Villager (Male) |
| 7:42 | Build | Farm |
| 7:59 | Build | Farm |
| 8:08 | Research | Loom |
| 8:28 | Create | Villager (Male) |
| 8:28 | Create | Villager (Male) |
| 8:51 | Build | Settlement |
| 9:00 | Create | Villager (Male) |
| 9:36 | Create | Villager (Male) |
| 9:50 | Create | Villager (Male) |
| 10:01 | Build | Farm |
| 10:46 | Create | Villager (Male) |
| 10:53 | Build | Farm |
| 10:59 | Build | Farm |
| 11:12 | Research | Feudal Age |
| 12:09 | Create | Villager (Male) |
| 12:09 | Create | Villager (Male) |
| 12:22 | Build | Barracks |
| 13:22 | Age | Feudal Age |
| 13:26 | Build | House |
| 13:38 | Build | Palisade Wall |
| 13:39 | Build | Palisade Wall |
| 13:44 | Create | Villager (Male) |
| 13:47 | Build | Farm |
| 13:50 | Build | Farm |
| 14:09 | Research | Double-Bit Axe |
| 14:14 | Create | Villager (Male) |
| 14:38 | Create | Villager (Male) |
| 14:43 | Build | Farm |
| 15:05 | Create | Villager (Male) |
| 15:23 | Create | Villager (Male) |
| 15:31 | Build | Archery Range |
| 15:34 | Create | Villager (Male) |
| 15:43 | Research | Horse Collar |
| 16:03 | Build | Blacksmith |
| 16:09 | Create | Villager (Male) |
| 16:34 | Build | Farm |
| 16:37 | Build | Farm |
| 16:39 | Build | Farm |
| 17:00 | Create | Villager (Male) |
| 17:01 | Create | Villager (Male) |
| 17:06 | Build | Settlement |
| 17:09 | Research | Fletching |
| 17:12 | Create | Archer |
| 17:12 | Create | Archer |
| 17:14 | Create | Archer |
| 17:19 | Create | Villager (Male) |
| 17:25 | Build | Farm |
| 17:39 | Build | Farm |
| 17:48 | Build | Farm |
| 18:05 | Create | Villager (Male) |
| 18:11 | Build | Farm |
| 18:30 | Build | Farm |
| 18:32 | Create | Archer |
| 18:44 | Build | Farm |
| 18:48 | Build | Farm |
| 18:50 | Create | Villager (Male) |
| 19:11 | Create | Villager (Male) |
| 19:22 | Build | Farm |
| 19:26 | Create | Archer |
| 19:41 | Create | Spearman |
| 19:41 | Create | Spearman |
| 19:53 | Create | Villager (Male) |
| 20:01 | Build | Farm |
| 20:12 | Research | Castle Age |
| 20:28 | Create | Villager (Male) |
| 20:33 | Research | Gold Mining |
| 21:09 | Create | Villager (Male) |
| 21:16 | Research | Wheelbarrow |
| 21:19 | Create | Archer |
| 21:57 | Build | Farm |
| 22:02 | Create | Archer |
| 22:47 | Research | Padded Archer Armor |
| 22:58 | Age | Castle Age |
| 23:05 | Build | Town Center |
| 23:28 | Create | Villager (Male) |
| 23:33 | Research | Thumb Ring |
| 23:34 | Research | Crossbowman (upgrade) |
| 23:41 | Create | Villager (Male) |
| 23:58 | Build | Castle |
| 24:03 | Research | Heavy Plow |
| 24:07 | Research | Pikeman (upgrade) |
| 24:23 | Create | Villager (Male) |
| 24:23 | Create | Villager (Male) |
| 24:24 | Create | Villager (Male) |
| 24:28 | Create | Villager (Male) |
| 24:39 | Build | Farm |
| 24:46 | Build | Farm |
| 24:51 | Create | Villager (Male) |
| 24:57 | Create | Villager (Male) |
| 25:08 | Build | Farm |
| 25:19 | Research | Bodkin Arrow |
| 25:27 | Build | Farm |
| 25:58 | Research | Leather Archer Armor |
| 26:05 | Create | Villager (Male) |
| 26:07 | Create | Villager (Male) |
| 26:09 | Build | Farm |
| 26:14 | Create | Archer |
| 26:15 | Create | Archer |
| 26:15 | Create | Archer |
| 26:28 | Create | Spearman |
| 26:28 | Create | Spearman |
| 26:28 | Create | Spearman |
| 26:28 | Create | Spearman |
| 26:34 | Research | Scale Mail Armor |
| 26:42 | Build | Farm |
| 26:48 | Create | Villager (Male) |
| 26:48 | Create | Villager (Male) |
| 26:51 | Create | Villager (Male) |
| 26:51 | Create | Villager (Male) |
| 26:59 | Build | Farm |
| 27:22 | Research | Squires |
| 27:29 | Create | Archer |
| 27:29 | Create | Archer |
| 27:48 | Create | Villager (Male) |
| 27:49 | Create | Villager (Male) |
| 27:51 | Create | Villager (Male) |
| 27:52 | Create | Villager (Male) |
| 27:56 | Build | Farm |
| 28:02 | Build | Farm |
| 28:07 | Build | Farm |
| 28:11 | Research | Chain Mail Armor |
Build order — DurbanThunder
First 150 of 217 actions detected
| 0:01 | Create | Villager (Male) ×4 |
| 0:03 | Build | House |
| 0:04 | Build | House |
| 0:23 | Research | Loom |
| 0:24 | Create | Villager (Male) ×3 |
| 1:21 | Create | Villager (Male) |
| 1:56 | Build | Palisade Gate |
| 2:24 | Build | Palisade Wall |
| 2:45 | Create | Villager (Male) ×2 |
| 3:12 | Create | Villager (Male) |
| 3:12 | Create | Villager (Male) |
| 3:43 | Build | House |
| 3:48 | Create | Villager (Male) |
| 4:41 | Create | Villager (Male) ×2 |
| 4:58 | Build | Lumber Camp |
| 5:03 | Create | Villager (Male) |
| 5:03 | Create | Villager (Male) |
| 5:36 | Create | Villager (Male) |
| 5:56 | Create | Villager (Male) |
| 6:31 | Create | Villager (Male) ×2 |
| 6:36 | Build | Mill |
| 7:28 | Build | House |
| 7:33 | Build | House |
| 8:17 | Create | Villager (Male) ×5 |
| 8:58 | Build | Mill |
| 10:32 | Create | Villager (Male) |
| 10:33 | Create | Villager (Male) |
| 10:33 | Create | Villager (Male) |
| 10:33 | Create | Villager (Male) |
| 10:44 | Build | Mining Camp |
| 11:08 | Build | Mining Camp |
| 12:39 | Research | Feudal Age |
| 13:57 | Age | Feudal Age |
| 13:58 | Build | House |
| 14:07 | Create | Villager (Male) |
| 14:13 | Research | Double-Bit Axe |
| 14:19 | Research | Horse Collar |
| 15:40 | Build | Market |
| 15:44 | Build | House |
| 15:52 | Build | Blacksmith |
| 16:30 | Research | Castle Age |
| 16:37 | Research | Gold Mining |
| 16:43 | Build | Farm |
| 16:44 | Build | Farm |
| 16:46 | Build | Farm |
| 16:47 | Build | Farm |
| 16:48 | Build | Farm |
| 16:50 | Build | Farm |
| 16:50 | Build | Farm |
| 16:57 | Build | Farm |
| 17:08 | Build | Farm |
| 17:40 | Build | Stone Wall |
| 17:42 | Build | Stone Wall |
| 18:06 | Age | Castle Age |
| 18:09 | Create | Villager (Male) ×5 |
| 18:27 | Build | Town Center |
| 19:00 | Build | Town Center |
| 19:42 | Build | House |
| 19:43 | Build | House |
| 19:44 | Build | House |
| 19:55 | Create | Villager (Male) ×5 |
| 20:04 | Create | Villager (Male) |
| 20:04 | Create | Villager (Male) |
| 20:20 | Create | Villager (Male) |
| 20:29 | Create | Villager (Male) |
| 20:29 | Create | Villager (Male) |
| 20:46 | Build | Farm |
| 20:48 | Build | Farm |
| 20:49 | Build | Farm |
| 20:50 | Build | Farm |
| 21:13 | Create | Villager (Male) ×5 |
| 21:27 | Build | House |
| 21:31 | Build | House |
| 21:33 | Build | House |
| 21:58 | Build | Town Center |
| 22:04 | Research | Town Watch |
| 22:04 | Create | Villager (Male) |
| 22:27 | Build | Farm |
| 22:29 | Build | Farm |
| 22:31 | Build | Farm |
| 22:32 | Build | Farm |
| 22:34 | Build | Farm |
| 22:36 | Build | Farm |
| 22:37 | Build | Farm |
| 22:41 | Create | Villager (Male) ×2 |
| 22:41 | Create | Villager (Male) ×2 |
| 23:11 | Research | Heavy Plow |
| 23:18 | Research | Bow Saw |
| 23:28 | Create | Villager (Male) ×2 |
| 23:31 | Create | Villager (Male) |
| 23:39 | Build | Farm |
| 23:40 | Build | Farm |
| 23:42 | Build | Farm |
| 23:43 | Build | Farm |
| 23:45 | Build | Farm |
| 23:46 | Build | Farm |
| 23:53 | Create | Villager (Male) ×2 |
| 23:53 | Create | Villager (Male) ×2 |
| 24:14 | Research | Wheelbarrow |
| 24:28 | Build | Town Center |
| 24:41 | Create | Villager (Male) ×4 |
| 24:45 | Create | Villager (Male) ×4 |
| 24:46 | Create | Villager (Male) ×4 |
| 25:11 | Research | Gold Shaft Mining |
| 25:14 | Create | Villager (Male) |
| 25:15 | Create | Villager (Male) |
| 25:52 | Build | Stone Wall |
| 26:04 | Create | Villager (Male) ×5 |
| 26:04 | Create | Villager (Male) ×5 |
| 26:45 | Create | Villager (Male) ×5 |
| 26:45 | Create | Villager (Male) ×2 |
| 27:03 | Build | Barracks |
| 27:50 | Build | Stable |
| 27:51 | Build | Stable |
| 27:52 | Build | Stable |
| 27:54 | Build | Stable |
| 28:14 | Build | Gate |
| 28:20 | Build | Stone Wall |
| 28:20 | Build | Stone Wall |
| 28:35 | Build | University |
| 28:40 | Build | Monastery |
| 28:44 | Build | Blacksmith |
| 29:00 | Research | Husbandry |
| 29:06 | Create | Villager (Male) ×5 |
| 29:07 | Create | Villager (Male) |
| 29:07 | Create | Villager (Male) |
| 29:08 | Create | Villager (Male) |
| 29:08 | Create | Villager (Male) |
| 29:08 | Create | Villager (Male) |
| 29:27 | Research | Stone Mining |
| 29:40 | Build | House |
| 29:40 | Build | House |
| 29:40 | Build | House |
| 29:40 | Build | House |
| 29:41 | Build | House |
| 29:48 | Research | Imperial Age |
| 30:17 | Build | Outpost |
| 30:25 | Build | Outpost |
| 30:36 | Build | Stable |
| 30:36 | Build | Stable |
| 30:36 | Build | Stable |
| 30:37 | Build | Stable |
| 30:37 | Build | Stable |
| 30:54 | Create | Battle Elephant ×5 |
| 30:54 | Create | Battle Elephant ×5 |
| 31:19 | Build | Castle |
| 31:36 | Research | Fletching |
| 31:37 | Research | Forging |
| 31:39 | Research | Scale Barding Armor |
| 31:42 | Create | Monk |
Match timeline
| 1:09 | Dinamite · wall_segment Palisade Wall x3 |
| 1:16 | Dinamite · wall_segment Palisade Wall x1 |
| 2:24 | DurbanThunder · wall_segment Palisade Wall x4 |
| 4:28 | Dinamite · wall_segment Palisade Wall x1 |
| 5:21 | Dinamite · wall_segment Palisade Wall x8 |
| 6:13 | CryAndDie · wall_segment Palisade Wall x4 |
| 6:46 | CryAndDie · wall_segment Palisade Wall x4 |
| 10:21 | CaRLFReD_MeiNsTeiN · age_up feudal |
| 10:38 | CryAndDie · first_building Barracks |
| 12:22 | Dinamite · first_building Barracks |
| 12:22 | CryAndDie · age_up feudal |
| 12:25 | CryAndDie · first_building Archery Range |
| 13:22 | Dinamite · age_up feudal |
| 13:38 | Dinamite · wall_segment Palisade Wall x4 |
| 13:39 | Dinamite · wall_segment Palisade Wall x1 |
| 13:57 | DurbanThunder · age_up feudal |
| 14:42 | CaRLFReD_MeiNsTeiN · first_building Barracks |
| 15:31 | Dinamite · first_building Archery Range |
| 15:45 | CaRLFReD_MeiNsTeiN · first_building Stable |
| 16:24 | CryAndDie · age_up castle |
| 17:40 | DurbanThunder · wall_segment Stone Wall x7 |
| 17:42 | DurbanThunder · wall_segment Stone Wall x5 |
| 18:06 | DurbanThunder · age_up castle |
| 18:08 | CryAndDie · wall_segment Stone Wall x5 |
| 18:11 | CryAndDie · wall_segment Stone Wall x7 |
| 19:42 | CryAndDie · wall_segment Stone Wall x10 |
| 19:45 | CaRLFReD_MeiNsTeiN · age_up castle |
| 20:59 | CryAndDie · wall_segment Stone Wall x8 |
| 21:00 | CryAndDie · wall_segment Stone Wall x5 |
| 21:12 | DurbanThunder · first_market_buy 100 food |
| 22:08 | CryAndDie · wall_segment Stone Wall x7 |
| 22:58 | Dinamite · age_up castle |
| 23:26 | DurbanThunder · first_market_sell 100 wood |
| 23:39 | CryAndDie · first_building Monastery |
| 23:58 | Dinamite · first_building Castle |
| 24:28 | CryAndDie · wall_segment Stone Wall x1 |
| 24:53 | CryAndDie · first_building Castle |
| 25:52 | DurbanThunder · wall_segment Stone Wall x16 |
| 27:03 | DurbanThunder · first_building Barracks |
| 27:50 | DurbanThunder · first_building Stable |
| 28:20 | DurbanThunder · wall_segment Stone Wall x1 |
| 28:20 | DurbanThunder · wall_segment Stone Wall x1 |
| 28:23 | CaRLFReD_MeiNsTeiN · first_building Castle |
| 28:40 | DurbanThunder · first_building Monastery |
| 29:30 | CryAndDie · first_building Siege Workshop |
| 29:54 | CryAndDie · age_up imperial |
| 29:55 | CryAndDie · wall_segment Stone Wall x12 |
| 31:16 | Dinamite · first_building Siege Workshop |
| 31:19 | DurbanThunder · first_building Castle |
| 31:50 | DurbanThunder · age_up imperial |
| 33:22 | CaRLFReD_MeiNsTeiN · first_building Monastery |
| 34:52 | CaRLFReD_MeiNsTeiN · age_up imperial |
| 35:34 | DurbanThunder · first_building Siege Workshop |
| 35:38 | Dinamite · age_up imperial |
| 36:48 | CryAndDie · first_market_buy 100 stone |
| 42:47 | DurbanThunder · resign |
[ AI ANALYSIS · 1 CREDIT ]
What really happened in this match?
Wolo.gg analyzes every decision: build order, eco, micro, common mistakes by bracket. Personalized analysis on WhatsApp or Discord in 30 seconds.
Civ guide
Burgundians
Map guide
Black Forest
Perfil
CryAndDie